 Dungeon Crawl Stone Soup version 0.28.0-45-g0d030f2227 (webtiles) character file.

Game seed: 7733003834584267996

73 Bruhh the Chiller (level 4, -4/32 HPs)
             Began as a Gnoll Ice Elementalist on Apr 18, 2022.
             Killed by divine providence
             ... invoked by an orc priest
              (16 damage)
             ... on level 3 of the Dungeon.
             The game lasted 00:04:40 (2809 turns).

Bruhh the Chiller (Gnoll Ice Elementalist)          Turns: 2809, Time: 00:04:40

Health: -4/32      AC:  4    Str:  7    XL:     4   Next: 27%
Magic:  11/11      EV: 13    Int: 17    God:
Gold:   82         SH:  0    Dex: 12    Spells: 6/13 levels left

rFire   . . .      SeeInvis .   c - +0 dagger (venom)
rCold   . . .      Faith    .   (no shield)
rNeg    . . .      Spirit   .   a - +0 robe
rPois   .          Reflect  .   (no helmet)
rElec   .          Harm     .   (no cloak)
rCorr   .          Rampage  .   b - +1 pair of gloves
Will    .....                   (no boots)
Stlth   ++........              (no amulet)
HPRegen 0.10/turn               (no ring)
MPRegen 0.12/turn               (no ring)

@: no status effects
A: fangs 1, strong nose, distributed training
a: no special abilities


You were on level 3 of the Dungeon.
You visited 1 branch of the dungeon, and saw 3 of its levels.

You collected 82 gold pieces.

Inventory:

Hand Weapons
 c - a +0 dagger of venom (weapon)
 f - a +1 vampiric short sword
Armour
 a - a +0 robe (worn)
 b - a +1 pair of gloves (worn)
Scrolls
 d - a scroll of torment {unknown}
 h - a scroll of teleportation {unknown}
 k - a scroll of identify {unknown}
 m - a scroll of enchant armour {unknown}
Potions
 e - a potion of heal wounds {unknown}
 g - 2 potions of curing {unknown}
 i - a potion of attraction {unknown}
 j - a potion of might {unknown}
 l - a potion of invisibility {unknown}
 n - a potion of degeneration {unknown}


   Skills:
 + Level 1.1 Fighting
 + Level 1.1 Short Blades
 + Level 1.1 Long Blades
 + Level 1.1 Axes
 + Level 1.1 Maces & Flails
 + Level 1.1 Polearms
 + Level 1.1 Staves
 + Level 1.1 Slings
 + Level 1.1 Bows
 + Level 1.1 Crossbows
 + Level 1.1 Throwing
 + Level 1.1 Armour
 + Level 4.6 Dodging
 + Level 4.2 Stealth
 + Level 1.1 Shields
 + Level 1.1 Unarmed Combat
 + Level 5.0 Spellcasting
 + Level 0.8 Conjurations
 + Level 0.8 Hexes
 + Level 0.8 Summonings
 + Level 0.8 Necromancy
 + Level 0.8 Translocations
 + Level 0.8 Transmutations
 + Level 0.8 Fire Magic
 + Level 7.1 Ice Magic
 + Level 0.8 Air Magic
 + Level 0.8 Earth Magic
 + Level 0.8 Poison Magic
 + Level 1.2 Invocations
 + Level 1.1 Evocations


You had 6 spell levels left.
You knew the following spells:

 Your Spells              Type           Power      Damage    Failure   Level
a - Freeze                Ice            100%       1d11      1%          1
b - Frozen Ramparts       Ice            56%        1d7       2%          3
c - Ozocubu's Armour      Ice            28%        N/A       2%          3

Your spell library contained the following spells:

 Spells                   Type           Power      Damage    Failure   Level
 Hailstorm                Conj/Ice       17%        3d6       26%         4


Dungeon Overview and Level Annotations

Branches:
Dungeon (3/15)

Altars:


Innate Abilities, Weirdness & Mutations

You have very sharp teeth.
Your uncanny sense of smell can sniff out nearby items.
Your experience applies equally to all skills.


Message History

You barely miss the orc. Your bite misses the orc.
The orc hits you with a +0 flail.
You barely miss the orc.
The orc priest looks satisfied for a moment.
The orc closely misses you.
You barely miss the orc. The orc barely misses you.
You closely miss the orc.
The orc priest mumbles some strange prayers to Beogh against you.
Beogh smites you! The orc completely misses you.
You hear a shout!
You are too injured to fight recklessly!
You are too injured to fight recklessly!
You are too injured to fight recklessly!
You are too injured to fight recklessly!
You are too injured to fight recklessly!
You are too injured to fight recklessly!
You are too injured to fight recklessly!
You are too injured to fight recklessly!
You are too injured to fight recklessly!
You are too injured to fight recklessly!
You are too injured to fight recklessly!
You are too injured to fight recklessly!
You are too injured to fight recklessly!
You are too injured to fight recklessly!
You are too injured to fight recklessly!
You are too injured to fight recklessly!
You are too injured to fight recklessly!
You are too injured to fight recklessly!
You are too injured to fight recklessly!
You are too injured to fight recklessly!
You are too injured to fight recklessly!
You are too injured to fight recklessly!
You are too injured to fight recklessly!
You are too injured to fight recklessly!
A kobold comes into view. It is wielding a +0 dagger.
The orc priest looks satisfied for a moment.
The orc priest invokes the aid of Beogh against you.
Beogh smites you!
Ouch! That really hurt!
You die...

........#...................#
........#.............).....#
........#.........(.........#
........#..............)....#
........#...................#
............................#
.....#######................#
...###.._..###..............#
####.........###@......#.#..#
##.........o.K.o............#
.......†................#####
..........###.........###
..###.####..###.....###
#.....o....#######
#....K.###.#### ######.###.#
#.#...#


You could see an orc priest, an orc and a kobold.

Vanquished Creatures
  2 adders (D:2)
  A worm (D:2)
  A dart slug (D:3)
  An orc (D:3)
  2 endoplasms
  4 giant cockroaches (D:1)
  5 goblins
  3 hobgoblins
  2 jackals (D:1)
  7 kobolds
  2 quokkas (D:1)
  5 ball pythons
  4 bats (D:1)
  A frilled lizard (D:3)
  5 rats
45 creatures vanquished.

Notes
Turn   | Place    | Note
-------+----------+-------------------------------------------
     0 | D:1      | Bruhh the Gnoll Ice Elementalist began the quest for the
                  | Orb.
     0 | D:1      | Reached XP level 1. HP: 13/13 MP: 6/6
   418 | D:1      | Reached XP level 2. HP: 9/19 MP: 5/7
  1164 | D:1      | Reached XP level 3. HP: 16/25 MP: 9/9
  1285 | D:1      | Reached skill level 5 in Spellcasting
  1378 | D:1      | Learned a level 3 spell: Frozen Ramparts
  1382 | D:1      | Learned a level 3 spell: Ozocubu's Armour
  1658 | D:2      | Reached skill level 1 in Invocations
  2255 | D:2      | Reached skill level 1 in Fighting
  2255 | D:2      | Reached skill level 1 in Short Blades
  2255 | D:2      | Reached skill level 1 in Long Blades
  2255 | D:2      | Reached skill level 1 in Axes
  2255 | D:2      | Reached skill level 1 in Maces & Flails
  2255 | D:2      | Reached skill level 1 in Polearms
  2255 | D:2      | Reached skill level 1 in Staves
  2255 | D:2      | Reached skill level 1 in Slings
  2255 | D:2      | Reached skill level 1 in Bows
  2255 | D:2      | Reached skill level 1 in Crossbows
  2255 | D:2      | Reached skill level 1 in Throwing
  2255 | D:2      | Reached skill level 1 in Armour
  2255 | D:2      | Reached skill level 1 in Shields
  2255 | D:2      | Reached skill level 1 in Unarmed Combat
  2255 | D:2      | Reached skill level 1 in Evocations
  2296 | D:2      | Reached XP level 4. HP: 28/32 MP: 11/11
  2761 | D:3      | Found a faded altar of an unknown god.
  2809 | D:3      | Killed from afar by an orc priest

Illustrated notes

Levels and vault maps discovered:
D:1:      onia_arrival_handbag, layout_loops_corners, minmay_misc_feat_rugged
D:2:      layout_basic, minmay_misc_feat_roman
D:3:      layout_rooms, hellmonk_ecumenical_altar_zigzags,
          kennysheep_generic_room_2, uniq_sigmund, uniq_terence

Skill      XL: |  1  2  3 |
---------------+----------+-----
Spellcasting   | 5 |  5.0
Invocations    | 1 |  1.2
Fighting       | 1 |  1.1
Short Blades   | 1 |  1.1
Long Blades    | 1 |  1.1
Axes           | 1 |  1.1
Maces & Flails | 1 |  1.1
Polearms       | 1 |  1.1
Staves         | 1 |  1.1
Slings         | 1 |  1.1
Bows           | 1 |  1.1
Crossbows      | 1 |  1.1
Throwing       | 1 |  1.1
Armour         | 1 |  1.1
Shields        | 1 |  1.1
Unarmed Combat | 1 |  1.1
Evocations     | 1 |  1.1
Dodging        | |  4.6
Stealth        | |  4.2
Conjurations   | |  0.8
Hexes          | |  0.8
Summonings     | |  0.8
Necromancy     | |  0.8
Translocations | |  0.8
Transmutations | |  0.8
Fire Magic     | |  0.8
Ice Magic      | |  7.1
Air Magic      | |  0.8
Earth Magic    | |  0.8
Poison Magic   | |  0.8

Action                   |  1- 3 |  4- 6 || total
-------------------------+-------+-------++-------
Melee: Unarmed           |    33 |       ||    33
       Bite              |    16 |     1 ||    17
       Punch             |     2 |       ||     2
       Dagger            |    98 |    19 ||   117
 Cast: Freeze            |    15 |       ||    15
 Stab: Sleeping          |     9 |     1 ||    10
Armor: Robe              |    23 |     2 ||    25
Dodge: Dodged            |    83 |     7 ||    90
